 Dungeon Crawl Stone Soup version 0.25.1-9-gc5326a611f (webtiles) character file.

Game seed: 16612857151645031211

1263 sankara the Insei (level 8, 0/58 HPs)
             Began as a Demonspawn Gladiator on Jan 1, 2021.
             Was a Believer of Yredelemnul.
             Slain by a crimson imp (2 damage)
             ... on level 5 of the Dungeon.
             The game lasted 00:15:23 (5436 turns).

sankara the Insei (Demonspawn Gladiator)            Turns: 5436, Time: 00:15:25

Health: 0/58       AC: 15    Str: 15    XL:     8   Next: 27%
Magic:  11/11      EV: 13    Int:  9    God:    Yredelemnul [**....]
Gold:   294        SH:  0    Dex: 17    Spells: 7/7 levels left

rFire    . . .     SeeInvis .   b - +0 whip (venom)
rCold    + . .     Gourm    .   (no shield)
rNeg     . . .     Faith    .   a - +0 leather armour
rPois    .         Spirit   .   j - +1 helmet
rElec    .         Reflect  .   (no cloak)
rCorr    .         Harm     .   t - +0 pair of gloves
MR       .....                  (no boots)
Stlth    ++........             o - amulet of magic regeneration
HPRegen  0.19/turn              (no ring)
MPRegen  0.37/turn              (no ring)

@: lethally poisoned (0 -> -6), sanguine armour
A: claws 2, cold resistance 1, powered by pain 1, sanguine armour 2
a: Animate Remains, Recall Undead Slaves, Injury Mirror, Renounce Religion


You were on level 5 of the Dungeon.
You worshipped Yredelemnul.
Yredelemnul was pleased with you.
You were hungry.

You visited 2 branches of the dungeon, and saw 7 of its levels.

You collected 294 gold pieces.

Inventory:

Hand Weapons
 b - a +0 whip of venom (weapon)
 m - a +0 hunting sling
 w - a +0 flail
Missiles
 d - 3 throwing nets
 e - 125 stones
 i - 13 sling bullets
 x - 8 javelins (quivered)
Armour
 a - a +0 leather armour (worn)
 h - a +0 chain mail
 j - a +1 helmet (worn)
 t - a +0 pair of gloves (worn)
 u - a +0 plate armour
 C - a +0 kite shield
Jewellery
 o - an amulet of magic regeneration (around neck)
 J - a cursed -4 ring of evasion {unknown}
Wands
 F - a wand of random effects (27)
 I - a wand of paralysis (5)
Scrolls
 c - a scroll of amnesia {unknown}
 g - 4 scrolls of blinking {unknown}
 k - 2 scrolls of remove curse {unknown}
 n - a scroll of random uselessness {unknown}
 r - 5 scrolls of identify {unknown}
 s - 3 scrolls of magic mapping {unknown}
 y - a scroll of teleportation {unknown}
 A - 3 scrolls of fear {unknown}
 E - a scroll of enchant armour {unknown}
 G - a scroll of fog {unknown}
Potions
 p - a potion of flight {unknown}
 q - 2 potions of curing {unknown}
 v - 2 potions of lignification {unknown}
 z - a potion of stabbing {unknown}
 B - 2 potions of degeneration {unknown}
 D - a potion of might {unknown}
 K - a potion of mutation {unknown}
Comestibles
 f - 10 rations


   Skills:
 - Level 3.0 Fighting
 - Level 3.1 Maces & Flails
 - Level 1.7 Throwing
 + Level 4.3 Armour
 - Level 3.0 Dodging
 + Level 3.3 Stealth
 + Level 5.5 Unarmed Combat
 + Level 4.4 Invocations


You had 7 spell levels left.
You didn't know any spells.
Your spell library contained the following spells:

 Spells                   Type           Power        Failure   Level  Hunger
 Confusing Touch          Hex            #.......     83%         3    ####...
 Gell's Gravitas          Tloc           #.........   83%         3    ####...
 Petrify                  Tmut/Erth      #.......     99%         4    #####..
 Metabolic Englaciation   Hex/Ice        #.........   100%        5    ######.
 Yara's Violent Unravell  Hex/Tmut       #.........   100%        5    ######.


Dungeon Overview and Level Annotations

Branches:
Dungeon (6/15)             Temple (1/1) D:4

Altars:
Ashenzari
Dithmenos
Elyvilon
Gozag
Hepliaklqana
Kikubaaqudgha
Makhleb
Nemelex Xobeh
Ru
Sif Muna
Uskayaw
Vehumet
Wu Jian
Xom
Yredelemnul
Zin
The Shining One

Portals:
Sewer: D:6


Innate Abilities, Weirdness & Mutations

You have very sharp fingernails.
Your flesh is cold resistant. (rC+)
You sometimes gain a little power by taking damage.
When seriously injured, your bleeding wounds create thick armour. (AC +9)


Message History

The crimson imp blinks!
You feel yourself speed up. The hornet closely misses you.
You barely miss the hornet.
The hornet is almost dead.
The hornet stings you but does no damage. x2
The crimson imp hits you.
* * * LOW HITPOINT WARNING * * *
The hornet stings you!
* * * LOW HITPOINT WARNING * * *
You are lethally poisoned!
You suddenly lose the ability to move!
You can move again.
It was a potion of cancellation.
You feel magically purged.
* * * LOW HITPOINT WARNING * * *
You feel sick.
The hornet stings you but does no damage.
The crimson imp hits you.
You die...
Your body rises from the dead as a mindless zombie.

###########......#...###.#.....<.
#.......###.....# #..#.####. ###
#.####....#...#.###...## #. ..#
#.# #.#..#.####....#.### #. #.#
#.# #.#....# ##...#...# #. #.#
#.# #.#.#.## #.#####.# #. #.# #÷#
#.#.#.# #...#...# #. #.#
#.####.#.#5######...#.### #. #.#
#....#.#.#)@.)|.......# #. #.#
####.#.#.oy######....## #.
#.#######...###.# ##.#.######.
#......##..## #.# #.#.#......
######.##.÷# #.# #.#.#.#####
#.##..# #.# #.#.#.# #.##..# #.#
#.#.#.# #.##..# #.# #.#.#.#
#.##..####.#######.#.#.#


You could see a hornet (poisoned), a crimson imp and an orc.

Vanquished Creatures
  Grinder (D:3)
  A sky beast (D:5)
  An ogre (D:5)
  2 howler monkeys
  2 crimson imps (D:5)
  An orc priest (D:5)
  5 hounds
  A gnoll shaman (D:5)
  A bullfrog skeleton (D:5)
  An iguana (D:5)
  4 worker ants
  4 orc wizards
  9 gnolls
  A howler monkey skeleton (D:5)
  8 adders
  3 oozes
  An adder skeleton (D:4)
  5 worms
  2 dart slugs
  15 orcs
  4 giant cockroaches
  5 goblins
  5 hobgoblins
  6 jackals
  2 quokkas
  3 ball pythons (D:6)
  3 bats
  6 frilled lizards
  5 kobolds
  4 rats
111 creatures vanquished.

Vanquished Creatures (collateral kills)
  A bat (D:3)
1 creature vanquished.

Vanquished Creatures (others)
  A human (D:5)
  A kobold skeleton (D:3)
  2 orc skeletons (D:3)
4 creatures vanquished.

Grand Total: 116 creatures vanquished

Notes
Turn   | Place    | Note
-------+----------+-------------------------------------------
     0 | D:1      | sankara the Demonspawn Gladiator began the quest for the
                  | Orb.
     0 | D:1      | Reached XP level 1. HP: 16/16 MP: 1/1
   303 | D:1      | Gained mutation: When seriously injured, your bleeding
                  | wounds create armour. (AC +9) [demonic ancestry]
   303 | D:1      | Reached XP level 2. HP: 18/22 MP: 2/2
   955 | D:2      | Gained mutation: You have sharp fingernails. [demonic
                  | ancestry]
   955 | D:2      | Reached XP level 3. HP: 28/28 MP: 3/3
  1268 | D:2      | Found a basalt altar of Yredelemnul.
  1276 | D:2      | Became a worshipper of Yredelemnul the Dark
  1415 | D:3      | Reached skill level 1 in Unarmed Combat
  1436 | D:3      | Gained mutation: When seriously injured, your bleeding
                  | wounds create thick armour. (AC +9) [demonic ancestry]
  1436 | D:3      | Reached XP level 4. HP: 11/35 MP: 4/4
  1440 | D:3      | Reached skill level 2 in Unarmed Combat
  1954 | D:3      | Reached skill level 3 in Unarmed Combat
  2030 | D:3      | Reached * piety under Yredelemnul
  2030 | D:3      | Reached XP level 5. HP: 31/41 MP: 5/5
  2444 | D:3      | Noticed Grinder
  2466 | D:3      | Paralysed by Grinder for 6 turns
  2485 | D:3      | Paralysed by Grinder for 6 turns
  2834 | D:3      | Reached skill level 1 in Armour
  2900 | D:3      | Paralysed by Grinder for 6 turns
  2915 | D:3      | Killed Grinder
  2915 | D:3      | Reached skill level 4 in Unarmed Combat
  2915 | D:3      | Gained mutation: You sometimes gain a little power by
                  | taking damage. [demonic ancestry]
  2915 | D:3      | Reached XP level 6. HP: 41/47 MP: 6/6
  3146 | D:4      | Reached skill level 1 in Invocations
  3325 | D:4      | Found a staircase to the Ecumenical Temple.
  3352 | Temple   | Entered the Ecumenical Temple
  3593 | D:4      | Reached skill level 1 in Stealth
  3593 | D:4      | Gained mutation: Your flesh is cold resistant. (rC+)
                  | [demonic ancestry]
  3593 | D:4      | Reached XP level 7. HP: 50/52 MP: 6/8
  4060 | D:5      | Entered Level 5 of the Dungeon
  4163 | D:5      | Found an ancient bone altar of Kikubaaqudgha.
  4167 | D:5      | Noticed a human
  4170 | D:5      | Killed a human
  4383 | D:5      | Reached skill level 5 in Unarmed Combat
  4579 | D:5      | Reached ** piety under Yredelemnul
  4877 | D:5      | Gained mutation: You have very sharp fingernails. [demonic
                  | ancestry]
  4877 | D:5      | Reached XP level 8. HP: 58/58 MP: 10/10
  5394 | D:6      | Found a glowing drain.
  5413 | D:6      | Noticed a hornet
  5435 | D:5      | Paralysed by a hornet for 1 turns
  5436 | D:5      | HP: 2/58 [poisoned by a hornet]
  5436 | D:5      | Slain by a crimson imp

Illustrated notes

Levels and vault maps discovered:
D:1:      ebering_trefoil_3fold, layout_loops_ring, hex_large, st_stairs_13,
          minmay_tromino_v7
D:2:      layout_basic, yredelemnul_altar_generic, first_ration,
          roderic_roman_lattice
D:3:      layout_rooms, uniq_grinder
D:4:      layout_basic, minmay_temple_entry_offerings
D:5:      layout_loops_ring, tgw_kikubaaqudgha
D:6:      cheibrodos_steamvent, layout_loops_ring,
          nicolae_ossuary_entry_false_entrances, portal_sewer_entry_a,
          serial_glass, glass_columns_a, glass_columns_a, glass_columns_a
Temple:   eino_temple_rhombus

Skill      XL: |  1  2  3  4  5  6  7  8 |
---------------+-------------------------+-----
Maces & Flails | 3 |  3.1
Dodging        | 3 |  3.0
Unarmed Combat | 1 3 4 5 |  5.5
Fighting       | 3 |  3.0
Armour         | 2 3 4 |  4.3
Invocations    | 1 3 4 |  4.4
Stealth        | 1 2 3 |  3.3
Throwing       | |  1.7

Action                   |  1- 3 |  4- 6 |  7- 9 || total
-------------------------+-------+-------+-------++-------
Melee: Flail             |    62 |       |       ||    62
       Whip              |    47 |   204 |   176 ||   427
       Punch             |       |     4 |       ||     4
       Unarmed           |       |       |    25 ||    25
Throw: Javelin           |       |    10 |     7 ||    17
Invok: Animate Remains   |       |     3 |       ||     3
  Use: Potion            |       |       |     1 ||     1
 Stab: Sleeping          |     1 |       |     3 ||     4
       Distracted        |       |     1 |     1 ||     2
  Eat: Chunk             |     1 |     8 |     6 ||    15
Armor: Leather armour    |    31 |    82 |    54 ||   167
Dodge: Dodged            |    80 |   198 |   140 ||   418
